 Dungeon Crawl Stone Soup version 0.30-a0-358-g0d69a1922f (webtiles) character file.

Game seed: 16971555718006415628

10661 hikkokomori the Geomancer (level 11, -1/54 HPs)
             Began as a Gargoyle Earth Elementalist on Nov 11, 2022.
             Was a Priest of Vehumet.
             Killed by divine providence
             ... invoked by a smoke demon
             ... summoned by a kobold demonologist
              (10 damage)
             ... on level 10 of the Dungeon.
             The game lasted 00:24:12 (9349 turns).

hikkokomori the Geomancer (GrEE)                    Turns: 9349, Time: 00:24:13

Health: -1/54      AC: 17    Str: 13    XL:     11   Next: 65%
Magic:  8/19       EV: 11    Int: 21    God:    Vehumet [***...]
Gold:   831        SH:  0    Dex: 10    Spells: 7/21 levels left

rFire   + + .      SeeInvis .    C - +7 sling of Xergh {elec, rF++ rCorr Str+2}
rCold   . . .      Faith    .    (no shield)
rNeg    + . .      Spirit   .    F - +1 troll leather armour
rPois   ∞          Reflect  .    d - +0 helmet
rElec   +          Harm     .    j - +0 cloak
rCorr   +          Rampage  .    E - +0 pair of gloves
Will    .....                    v - +0 pair of boots
Stlth   ++........               u - amulet of the acrobat
HPRegen 1.09/turn                D - ring of wizardry
MPRegen 0.16/turn                (no ring)

@: no status effects
A: sickness immunity, AC +8, negative energy resistance 1, electricity
resistance, torment resistance 1, petrification resistance
a: Renounce Religion


You were on level 10 of the Dungeon.
You worshipped Vehumet.
Vehumet was most pleased with you.
You visited 2 branches of the dungeon, and saw 11 of its levels.
You also visited: Sewer and Bailey.

You collected 831 gold pieces.

Inventory:

Hand Weapons
 C - the +7 sling of Xergh (weapon) {elec, rF++ rCorr Str+2}
   (You found it on level 4 of the Dungeon)

   Any ammunition fired from it occasionally discharges a powerful burst of
   electricity upon striking a foe.
   Str:       It affects your strength (+2).
   rF:        It greatly protects you from fire.
   rCorr:     It protects you from acid and corrosion.
 Q - a +3 broad axe
Missiles
 O - 3 throwing nets
Armour
 d - a +0 helmet (worn)
 j - a +0 cloak (worn)
 v - a +0 pair of boots (worn)
 E - a +0 pair of gloves (worn)
 F - a +1 troll leather armour (worn)
 G - a scarf of resistance
 L - a scarf of invisibility
Jewellery
 u - an amulet of the acrobat (around neck)
 D - a ring of wizardry (left hand)
 S - an amulet of guardian spirit
 V - an amulet of regeneration
Wands
 a - a wand of charming (7)
 J - a wand of iceblast (7)
Scrolls
 e - 7 scrolls of butterflies
 f - a scroll of torment {unknown}
 g - 5 scrolls of vulnerability
 i - 7 scrolls of enchant weapon
 l - a scroll of acquirement {unknown}
 n - 2 scrolls of enchant armour
 p - a scroll of blinking {unknown}
 q - 4 scrolls of teleportation
 w - a scroll of amnesia
 y - a scroll of noise
 z - 2 scrolls of poison
 B - a scroll of immolation {unknown}
 I - 3 scrolls of summoning
 M - a scroll of magic mapping {unknown}
 T - 3 scrolls of fear {unknown}
Potions
 b - 2 potions of magic
 c - 5 potions of curing
 h - 6 potions of might
 k - 2 potions of haste
 m - a potion of ambrosia {unknown}
 o - 2 potions of flight {unknown}
 r - a potion of mutation {unknown}
 s - 4 potions of attraction
 t - 4 potions of resistance
 x - a potion of lignification {unknown}
 A - 3 potions of brilliance
 H - a potion of berserk rage {unknown}
 K - 2 potions of degeneration {unknown}
 N - a potion of heal wounds {unknown}
 R - a potion of experience
 U - a potion of cancellation {unknown}
Miscellaneous
 P - a box of beasts (inert)


   Skills:
 + Level 7.3 Ranged Weapons
 - Level 1.5 Dodging
 - Level 2.1 Stealth
 - Level 5.6 Spellcasting
 + Level 9.7 Conjurations
 + Level 6.3 Hexes
 - Level 0.7 Transmutations
 + Level 13.0 Earth Magic


You had 7 spell levels left.
You knew the following spells:

 Your Spells              Type           Power      Damage    Failure   Level
a - Sandblast             Erth           100%       2d20      1%          1
b - Searing Ray           Conj           92%        2d7       1%          2
c - Stone Arrow           Conj/Erth      100%       3d13      1%          3
d - Fulminant Prism       Conj/Hex       19%        3d10      1%          4
e - Passwall              Tmut/Erth      28%        N/A       1%          2
f - Poisonous Vapours     Pois/Air       10%        N/A       2%          2

Your spell library contained the following spells:

 Spells                   Type           Power      Damage    Failure   Level
 Dazzling Flash           Conj/Hex       78%        N/A       1%          3
 Magic Dart               Conj           100%       1d8       1%          1
 Inner Flame              Hex/Fire       19%        N/A       1%          3
 Leda's Liquefaction      Hex/Erth       23%        N/A       1%          4
 Flame Wave               Conj/Fire      26%        2d8       2%          4
 Sticky Flame             Conj/Fire      26%        2d5       2%          4
 Petrify                  Tmut/Erth      34%        N/A       3%          4
 Beastly Appendage        Tmut           16%        N/A       4%          1
 Portal Projectile        Hex/Tloc       38%        N/A       4%          3
 Wereblood                Tmut           8%         N/A       6%          2
 Spider Form              Tmut/Pois      7%         N/A       13%         3
 Call Canine Familiar     Summ           5%         N/A       16%         3
 Summon Mana Viper        Hex/Summ       19%        N/A       34%         5
 Summon Forest            Summ/Tloc      2%         N/A       78%         5
 Summon Cactus Giant      Summ           2%         N/A       100%        6
 Summon Hydra             Summ           2%         N/A       100%        7
 Sublimation of Blood     Necr           Unusable   N/A       N/A         2

Dungeon Overview and Level Annotations

Branches:
Dungeon (10/15)            Temple (1/1) D:6            Lair (0/5) D:8
  Sewer (visited)          Bailey (visited)
    Orc: D:9-12

Altars:
Ashenzari
Cheibriados
Dithmenos
Elyvilon
Fedhas
Gozag
Hepliaklqana
Kikubaaqudgha
Makhleb
Nemelex Xobeh
Okawaru
Qazlal
Ru
Sif Muna
Uskayaw
Vehumet
Wu Jian
Xom
Yredelemnul
Zin
The Shining One
Lugonu

Shops:
D:1 ?   D:7 *

Portals:
Abyss: D:8

Annotations:
D:4 1 runed translucent door
D:7 1 runed translucent door, Taurus's ghost, novice MiFi
D:8 2 transporters, 2 runed translucent doors, OstrichLN's ghost, novice DsBe


Innate Abilities, Weirdness & Mutations

You are immune to sickness and miasma.
Your stone body is resilient. (AC +8)
You are immune to poison.
You resist negative energy. (rN+)
You are resistant to electric shocks. (rElec)
You are resistant to unholy torment.
You are immune to petrification.


Message History

Confirm with . or Enter, or press ? or * to list all spells.
Aiming: Sandblast (safe; 1% risk of failure)
Press: ? - help, Shift-Dir - straight line, f - troll
Aim: a troll (85% to hit)
The blast of sand misses the troll.
The killer bee stings you but does no damage.
Your fulminant prism explodes!
The blast of energy engulfs the killer bee!
You kill the killer bee!
Vehumet accepts your kill.
You feel your power returning.
The blast of energy engulfs the smoke demon!
The smoke demon is lightly wounded.
The blast of energy engulfs the killer bee!!
You kill the killer bee!
Vehumet accepts your kill.
You feel your power returning.
The blast of energy engulfs the troll!!
The troll is almost dead.
The troll barely misses you. The troll claws you but does no damage.
The troll barely misses you. The troll bites you. The troll claws you!
The troll claws you.
You hear an angry buzzing noise.
You hear a shout!
Casting: Sandblast (safe; 1% risk of failure)
Confirm with . or Enter, or press ? or * to list all spells.
Aiming: Sandblast (safe; 1% risk of failure)
Press: ? - help, Shift-Dir - straight line, f/p - troll
Aim: a troll (severely wounded, 85% to hit)
Okay, then.
Casting: Sandblast (safe; 1% risk of failure)
Confirm with . or Enter, or press ? or * to list all spells.
Aiming: Fulminant Prism (dangerous; 1% risk of failure)
Press: ? - help, Dir - move target, p - troll You conjure a prism of explosive energy!
A fulminant prism comes into view.
The troll bites you. The troll claws you!
* * * LOW HITPOINT WARNING * * *
The troll claws you but does no damage. The smoke demon gestures at you.
Something smites you!
You die...

♣ ♣. ♣♣.# .....
♣....#####
.......*. #.K3?##
#..#[T# #.#
#...#@### #.#
#.#.†...# #.# #
#.#...###### #.#
...##..#....# #.#
#.##
#..#....###.#####
...
##.....)..#......
###
###...).........
#...)###......
#....# ###....


You could see a kobold demonologist, a troll, a smoke demon (summoned, ally
target) and a friendly fulminant prism.

Vanquished Creatures
  An orc warlord (Bailey)
  Harold (D:9)
  A two-headed ogre (D:8)
  Pikel (D:9)
  A troll (D:10)
  A hornet (D:10)
  2 wyverns
  13 yaks
  A steam dragon (D:8)
  A sky beast (D:7)
  3 ice beasts
  11 orc warriors
  6 ogres
  3 black bears
  4 centaurs
  2 lemures (D:9)
  5 bullfrogs
  A kobold brigand (D:7)
  A necrophage (D:5)
  4 scorpions (D:5)
  3 wights (D:9)
  21 killer bees
  A howler monkey (D:6)
  6 orc priests
  4 hounds
  2 jellies
  3 gnoll boudas
  7 iguanas
  6 orc wizards
  A hell rat (Sewer)
  11 adders
  16 gnolls
  A river rat (D:3)
  A shadow imp (D:7)
  2 white imps
  An ufetubus (D:5)
  3 worms
  6 dart slugs
  36 orcs
  8 endoplasms
  6 giant cockroaches
  23 goblins
  18 hobgoblins
  A jackal (D:5)
  11 kobolds
  6 quokkas
  5 ball pythons
  6 frilled lizards
  A jackal zombie (D:4)
  17 rats
296 creatures vanquished.

Vanquished Creatures (others)
  9 fulminant prisms
9 creatures vanquished.

Grand Total: 305 creatures vanquished

Notes
Turn   | Place    | Note
-------+----------+-------------------------------------------
     0 | D:1      | hikkokomori the Gargoyle Earth Elementalist began the quest
                  | for the Orb.
     0 | D:1      | Reached XP level 1. HP: 10/10 MP: 3/3
    54 | D:1      | Found Imuasapni's Magic Scroll Boutique.
   383 | D:1      | Reached XP level 2. HP: 15/15 MP: 0/5
   508 | D:1      | Reached skill level 4 in Earth Magic
   931 | D:1      | Learned a level 2 spell: Searing Ray
  1125 | D:2      | Reached XP level 3. HP: 19/19 MP: 3/6
  1840 | D:3      | Reached skill level 1 in Conjurations
  1842 | D:3      | Reached skill level 5 in Earth Magic
  1842 | D:3      | Reached XP level 4. HP: 24/24 MP: 4/8
  2347 | D:3      | Found a glowing drain.
  2357 | Sewer    | Entered a sewer
  2359 | Sewer    | Reached XP level 5. HP: 28/28 MP: 5/9
  2720 | D:3      | Found a shadowy altar of Dithmenos.
  3007 | D:4      | Found a runed translucent door.
  3007 | D:4      | Noticed a human
  3014 | D:4      | Found a basalt altar of Yredelemnul.
  3051 | D:4      | Learned a level 3 spell: Stone Arrow
  3157 | D:4      | Reached skill level 6 in Earth Magic
  3307 | D:4      | Reached XP level 6. HP: 32/32 MP: 9/11
  3411 | D:4      | Identified the +7 sling of Xergh {elec, rF++ rCorr Str+2}
  3690 | D:5      | Entered Level 5 of the Dungeon
  3764 | D:5      | Reached XP level 7. HP: 33/36 MP: 1/12
  3771 | D:5      | Reached skill level 7 in Earth Magic
  3983 | D:5      | Found a broken altar of Ashenzari.
  4028 | D:5      | Reached skill level 8 in Earth Magic
  4032 | D:5      | Reached XP level 8. HP: 41/41 MP: 12/14
  4087 | D:5      | Found a glowing silver altar of Zin.
  4392 | D:5      | Reached skill level 5 in Spellcasting
  4392 | D:5      | Reached skill level 9 in Earth Magic
  4464 | D:5      | Reached skill level 5 in Conjurations
  4813 | D:6      | Reached skill level 1 in Ranged Weapons
  4869 | D:6      | Reached skill level 10 in Earth Magic
  4869 | D:6      | Reached XP level 9. HP: 45/45 MP: 12/17
  5085 | D:6      | Found a staircase to the Ecumenical Temple.
  5094 | Temple   | Entered the Ecumenical Temple
  5103 | Temple   | Became a worshipper of Vehumet
  5109 | Temple   | Learned a level 4 spell: Fulminant Prism
  5210 | D:6      | Found a glowing golden altar of the Shining One.
  5401 | D:7      | Reached skill level 1 in Hexes
  5564 | D:7      | Found a runed translucent door.
  5565 | D:7      | Noticed Taurus's ghost (novice MiFi)
  5643 | D:7      | Found Vinkukoh's Island Escapes.
  5963 | D:7      | Found a sacrificial altar of Ru.
  6025 | D:7      | Reached * piety under Vehumet
  6025 | D:7      | Offered knowledge of Foxfire by Vehumet.
  6121 | D:7      | Found a hide-covered altar of Uskayaw.
  6231 | D:7      | Found a sparkling altar of Nemelex Xobeh.
  6535 | D:8      | Learned a level 2 spell: Passwall
  6610 | D:8      | Noticed a two-headed ogre
  6640 | D:8      | Killed a two-headed ogre
  6641 | D:8      | Reached skill level 11 in Earth Magic
  6641 | D:8      | Reached XP level 10. HP: 49/50 MP: 15/18
  6730 | D:8      | Found a transporter.
  6734 | D:8      | Noticed OstrichLN's ghost (novice DsBe)
  6735 | D:8      | Found a transporter.
  6973 | D:8      | Reached skill level 5 in Ranged Weapons
  7233 | D:8      | Found a staircase to the Lair.
  7285 | D:8      | Noticed a white ugly thing
  7286 | D:8      | Found a one-way gate to the infinite horrors of the Abyss.
  7286 | D:8      | Noticed a cyan ugly thing
  7307 | D:8      | Found a large runed translucent door.
  7307 | D:8      | Found a large runed translucent door.
  7310 | D:8      | Found a corrupted altar of Lugonu.
  7310 | D:8      | Noticed a kobold demonologist
  7483 | D:9      | Reached ** piety under Vehumet
  7483 | D:9      | Offered knowledge of Freeze by Vehumet.
  7559 | D:9      | Noticed Pikel
  7564 | D:9      | Killed Pikel
  7624 | D:9      | Noticed Harold
  7638 | D:9      | Killed Harold
  7639 | D:9      | Reached skill level 5 in Hexes
  7639 | D:9      | Reached skill level 12 in Earth Magic
  7867 | D:9      | Found a flagged portal.
  7876 | Bailey   | Entered a bailey
  8102 | Bailey   | Reached XP level 11. HP: 54/54 MP: 15/19
  8148 | Bailey   | Noticed an orc warlord
  8162 | Bailey   | Offered knowledge of Poisonous Vapours by Vehumet.
  8166 | Bailey   | Learned a level 2 spell: Poisonous Vapours
  8188 | Bailey   | Killed an orc warlord
  8272 | Bailey   | Reached *** piety under Vehumet
  8820 | D:9      | Offered knowledge of Dazzling Flash by Vehumet.
  8945 | D:9      | Found an opulent altar of Gozag.
  9257 | D:10     | Entered Level 10 of the Dungeon
  9345 | D:10     | Reached skill level 13 in Earth Magic
  9349 | D:10     | Killed from afar by a smoke demon

Illustrated notes

Levels and vault maps discovered:
D:1:      sevenhm_arrival_forest_fort_large_2, layout_basic, serial_shops,
          nicolae_shop_waterfront
D:2:      layout_loops_ring, st_stairs_9
D:3:      layout_basic, grunt_dithmenos_smoke_and_mirrors,
          gup_sewer_entry_bubbles
D:4:      layout_gridville, dk_yredelemnul_ordeal
D:5:      kennysheep_spiral_hall, layout_gridville, kennysheep_mini_moat,
          mainiacjoe_overflow_boulevard, minmay_joined_circles
D:6:      nicolae_cairo_tiling_large_dashed, layout_rooms, tso_metal_star,
          minmay_temple_entry_butterflies
D:7:      layout_loops_ring, nicolae_overflow_hidden_temple,
          nicolae_uskayaw_dance_studio, nicolae_ru_the_path_less_chosen,
          ebering_ghost_reflecting_pool, nicolae_island_escapes
D:8:      due_chaos_kobolds, layout_loops_ring, lair_entry_dummy,
          gammafunk_ghost_smash
D:9:      layout_loops_corners, marbit_many_paths, enter_bailey_8,
          kennysheep_flooded_box, uniq_harold, uniq_pikel
D:10:     nzn_winding_woodlands_small [nzn_winding_woodlands_5x15_concentric,
          nzn_winding_woodlands_center_lodge,
          nzn_winding_woodlands_5x15_longhouse], layout_rooms, kennysheep_mini,
          roderic_roman_lattice, uniq_maggie, uniq_maurice
Temple:   nicolae_temple_no_exploring_needed

Skill      XL: |  1  2  3  4  5  6  7  8  9 10 11 |
---------------+----------------------------------+-----
Earth Magic    | 4 5 6 8 10 11 12 13 | 13.0
Conjurations   | 1 2 3 4 5 7 8 9 |  9.7
Spellcasting   | 3 4 5 |  5.6
Ranged Weapons | 1 4 6 7 |  7.3
Hexes          | 3 5 6 |  6.3
Dodging        | |  1.5
Stealth        | |  2.1
Transmutations | |  0.7

Action                   |  1- 3 |  4- 6 |  7- 9 | 10-12 || total
-------------------------+-------+-------+-------+-------++-------
Melee: Unarmed           |     6 |       |       |       ||     6
       Punch             |     1 |       |       |       ||     1
 Fire: Sling             |    18 |    98 |   140 |   142 ||   398
 Cast: Sandblast         |    49 |    49 |    89 |   120 ||   307
       Searing Ray       |       |     2 |     4 |     1 ||     7
       Fulminant Prism   |       |       |       |    10 ||    10
       Stone Arrow       |       |       |       |     5 ||     5
Evoke: Wand              |       |       |       |     4 ||     4
       Box of beasts     |       |       |       |     1 ||     1
  Use: Scroll            |     1 |       |     4 |    13 ||    18
       Potion            |       |       |     1 |     2 ||     3
Armor: Robe              |     7 |    15 |     8 |       ||    30
       Troll leather arm |       |       |    24 |    50 ||    74
Dodge: Dodged            |    14 |    27 |    57 |    96 ||   194

Table legend: (Time is in decaauts)
 A = Elapsed time spent in this place.
 B = Non-inter-level travel time spent in this place.
 C = Inter-level travel time spent in this place.
 D = Time resting spent in this place.
 E = Time spent auto-exploring this place.
 F = Levels seen in this place.
 G = Mean time per level.
                   A        B        C        D        E       F      G
               +--------+--------+--------+--------+--------+-----+--------+
         Total |   9627 |   9263 |    364 |    247 |   6950 |  13 |  740.5 |
       Dungeon |   8864 |   8507 |    357 |    109 |   6653 |  10 |  886.4 |
        Temple |     21 |     14 |      7 |      0 |      0 |   1 |   21.0 |
         Sewer |    152 |    152 |      0 |      0 |    109 |   1 |  152.0 |
        Bailey |    588 |    588 |      0 |    138 |    186 |   1 |  588.0 |
               +--------+--------+--------+--------+--------+-----+--------+

Top non-repeatable levels by time:
     D:9: 1371 daAuts
     D:7: 1249 daAuts
     D:5: 1140 daAuts
     D:3: 1018 daAuts
     D:1: 987 daAuts
     D:2: 839 daAuts
     D:4: 821 daAuts
     D:8: 815 daAuts
  Bailey: 588 daAuts
     D:6: 522 daAuts
   Sewer: 152 daAuts
    D:10: 98 daAuts
  Temple: 21 daAuts
